 Dungeon Crawl Stone Soup version bcrawl-1.39.1 (webtiles) character file.

Game seed: 13927017236808857055

244631 Finalfun the Basher (level 9, -5/132 HPs)
             Began as a Troll Archaeologist on Sept 20, 2023.
             Was a Priest of Lugonu.
             Killed from afar by a smoke demon (15 damage)
             ... with a ball of steam
             ... in a volcano.
             The game lasted 00:36:18 (8496 turns).

Finalfun the Basher (Troll Archaeologist)           Turns: 8496, Time: 00:36:19

Health: -5/132     AC: 12    Str: 33    XL:     9   Next: 73%
Magic:  11/11      EV: 10    Int: 11    God:    Lugonu [***...]
Gold:   389        SH:  0    Dex:  8    Spells: 8/8 levels left

rFire    . . .     GDR:     24% a - +2 dagger (elec)
rCold    . . .     SeeInvis .   (no shield)
rNeg     . . .     Gourm    +   (armour unavailable)
rPois    +         Faith    .   c - +1 hat
rElec    .         Spirit   .   f - +2 cloak {rPois}
rCorr    .         Reflect  .   (gloves unavailable)
MR       ++...                  (boots unavailable)
Stlth    ..........             z - amulet of rage
HPRegen  0.72/turn              q - ring of Qesuy {MR++ Str+4}
MPRegen  0.12/turn              (no ring)

@: berserking, hasted, very quick
A: large, almost no armour, claws 3, fast metabolism 3, gourmand, regeneration
1, AC +8
a: Depart the Abyss, Bend Space, Banish, Renounce Religion, Evoke Berserk Rage


You were in a volcano.
You worshipped Lugonu.
Lugonu was most pleased with you.
You were very hungry.

You visited 3 branches of the dungeon, and saw 10 of its levels.
You also visited: Bailey and Volcano.

You collected 389 gold pieces.

Inventory:

Hand Weapons
 a - a +2 dagger of electrocution (weapon)
 b - a +0 blowgun
 C - a +0 giant club
 G - a +2 halberd of electrocution
Missiles
 d - 5 curare-tipped needles
 v - 170 poisoned needles
 E - 1099 poisoned tomahawks (quivered)
Armour
 c - a +1 hat (worn)
 f - a +2 cloak of poison resistance (worn)
Jewellery
 q - the ring of Qesuy (left claw) {MR++ Str+4}
   (You found it on level 5 of the Dungeon)

   [ring of strength]

   It affects your strength (+4).
   It affects your resistance to hostile enchantments.
 z - an amulet of rage (around neck)
Wands
 j - a wand of polymorph (1)
 w - a wand of charming (9)
 A - a wand of disintegration (17)
 F - a wand of iceblast (13)
Scrolls
 l - 11 scrolls of remove curse
 p - a scroll of enchant weapon
 u - 2 scrolls of amnesia {unknown}
 x - a scroll of fear
 y - 2 scrolls of teleportation {unknown}
 D - 3 scrolls of noise
Potions
 k - 7 potions of curing
 m - 2 potions of haste
 n - 2 potions of might
 o - 4 potions of berserk rage
 r - a potion of ambrosia
 s - a potion of experience {unknown}
 t - a potion of heal wounds
 B - 5 potions of mutation
Comestibles
 e - 10 rations {!d}


   Skills:
 - Level 5.0 Fighting
 + Level 9.0 Maces & Flails
 - Level 4.0 Throwing
 - Level 3.0 Dodging
 - Level 2.0 Stealth
 - Level 4.0 Invocations
 - Level 4.0 Evocations


You had 8 spell levels left.
You didn't know any spells.
Your spell library contained the following spells:

 Spells                   Type           Power        Failure   Level  Hunger
 Beastly Appendage        Tmut           #.....       34%         1    None
 Passwall                 Tmut/Erth      #.......     47%         2    ####...
 Sticks to Snakes         Tmut           #.......     47%         2    ####...
 Spider Form              Tmut/Pois      #..          71%         3    #####..
 Ice Form                 Ice/Tmut       #.......     98%         4    ######.
 Blade Hands              Tmut           #.........   100%        5    #######


Dungeon Overview and Level Annotations

Branches:
Dungeon (8/12)             Temple (1/1) D:5            Lair (1/6) D:7
    Orc: D:8-11

Altars:
Ashenzari
Fedhas
Hepliaklqana
Kikubaaqudgha
Lugonu
Qazlal
Ru
Sif Muna
Xom
Yredelemnul

Shops:
D:6 =

Annotations:
D:3 Jessica
D:5 exclusion: troll, Eustachio
D:8 Maurice


Innate Abilities, Weirdness & Mutations

You cannot wear most types of armour.
Your thick skin is tough. (AC +8)
You are too large for most types of armour.
You have claws for hands.
Your metabolism is lightning-fast.
You like to eat raw meat.
Your natural rate of healing is unusually fast.


Message History

You barely miss the hell hound.
The hell hound is severely wounded.
The hell hound breathes flames at you. The blast of flame hits you!
* * * LOW HITPOINT WARNING * * *
You hit the hell hound.
Lightning courses through the hell hound!
You kill the hell hound!
Lugonu accepts your kill.
Your Maces & Flails skill increases to level 9!
You hit the smoke demon.
The smoke demon is severely wounded.
The smoke demon hits you but does no damage. x3
You puncture the smoke demon!
The smoke demon is almost dead.
You barely miss the smoke demon.
The smoke demon is almost dead.
The smoke demon gestures at you. The ball of steam hits you!
You die...

##..............#
###............##
#.............##
#......###.....###
##......##.......### ###
##......##........###∩##
##.....###.......##...##
##....3###......#..∩..#
####..@.#......##...##
##..............##
####.........###
###########


You could see a smoke demon.

Vanquished Creatures
  A cane toad (Lair:1)
  A komodo dragon (D:7)
  3 hippogriffs
  3 hell hounds (Volcano)
  An orc warrior (Bailey)
  A black bear (D:5)
  2 phantoms
  3 ogres
  A bullfrog (D:6)
  3 scorpions (D:6)
  5 crimson imps
  3 orc priests
  A bullfrog skeleton (D:4)
  3 hounds
  2 iguanas
  6 orc wizards
  Ijyb (D:4)
  4 worker ants
  A hound zombie (D:8)
  4 hound skeletons
  A worker ant zombie (D:6)
  Robin (D:3)
  A howler monkey skeleton (D:7)
  12 gnolls (Bailey)
  6 adders
  2 oozes
  2 adder skeletons
  2 worms
  2 dart slugs
  3 leopard geckos
  26 orcs
  2 giant cockroaches (D:1)
  11 goblins
  11 hobgoblins
  9 jackals
  20 kobolds
  3 ball pythons
  5 bats
  6 frilled lizards
  A jackal skeleton (D:4)
  3 rats (D:1)
  A plant (D:7)
179 creatures vanquished.

Vanquished Creatures (others)
  A gnoll (Bailey)
  A plant (Lair:1)
2 creatures vanquished.

Grand Total: 181 creatures vanquished

Notes
Turn   | Place    | Note
-------+----------+-------------------------------------------
     0 | D:1      | Finalfun the Troll Archaeologist began the quest for the
                  | Orb.
     0 | D:1      | Reached XP level 1. HP: 18/18 MP: 0/0
    80 | D:1      | Reached skill level 1 in Fighting
    83 | D:1      | Reached XP level 2. HP: 20/27 MP: 1/1
   384 | D:1      | Reached XP level 3. HP: 29/35 MP: 2/2
  1853 | D:3      | Gained mutation: Your natural rate of healing is unusually
                  | fast. [Troll growth]
  1853 | D:3      | Reached XP level 4. HP: 26/45 MP: 3/3
  1916 | D:3      | Found a sacrificial altar of Ru.
  1932 | D:3      | Noticed Jessica
  2163 | D:3      | Noticed Robin
  2188 | D:3      | Reached skill level 2 in Maces & Flails
  2211 | D:3      | Killed Robin
  2274 | D:3      | Reached skill level 3 in Maces & Flails
  2274 | D:3      | Reached XP level 5. HP: 50/53 MP: 4/4
  2274 | D:3      | Identified a scroll of acquirement
  2288 | D:3      | Found a shattered altar of Ashenzari.
  2289 | D:3      | Found a stormy altar of Qazlal.
  2569 | D:3      | Found a shimmering altar of Xom.
  2581 | D:3      | Found a shimmering altar of Xom.
  2581 | D:3      | Found a shimmering altar of Xom.
  2583 | D:3      | Found a shimmering altar of Xom.
  2584 | D:3      | Found a shimmering altar of Xom.
  2584 | D:3      | Found a shimmering altar of Xom.
  2620 | D:3      | Found a faded altar of an unknown god.
  2620 | D:3      | Found a hazy altar of Hepliaklqana.
  2622 | D:3      | Found a faded altar of an unknown god.
  2679 | D:3      | Found a shimmering altar of Xom.
  2874 | D:4      | Noticed Ijyb
  2944 | D:4      | Reached skill level 4 in Maces & Flails
  2952 | D:4      | Identified the ring "Gezorus" {MR+ Int+2} (You acquired it
                  | on level 4 of the Dungeon)
  3037 | D:4      | Reached XP level 6. HP: 36/61 MP: 5/5
  3076 | D:4      | Killed Ijyb
  3106 | D:4      | Reached skill level 5 in Maces & Flails
  3319 | D:4      | Noticed a hippogriff
  3341 | D:4      | Killed a hippogriff
  3342 | D:4      | Reached XP level 7. HP: 70/71 MP: 6/6
  3645 | D:4      | Reached skill level 5 in Fighting
  3979 | D:5      | Entered Level 5 of the Dungeon
  3994 | D:5      | Noticed a troll
  4171 | D:5      | Got a fine tin ring
  4239 | D:5      | Found a staircase to the Ecumenical Temple.
  4247 | Temple   | Entered the Ecumenical Temple
  4253 | Temple   | Became a worshipper of Lugonu the Unformed
  4333 | D:5      | Identified the ring of Qesuy {MR++ Str+4} (You found it on
                  | level 5 of the Dungeon)
  4363 | D:5      | Reached XP level 8. HP: 67/80 MP: 7/7
  4403 | D:5      | Reached skill level 1 in Invocations
  4448 | D:5      | Noticed Eustachio
  4848 | D:6      | Found Wous's Jewellery Shoppe.
  5097 | D:6      | Reached skill level 1 in Evocations
  5105 | D:6      | Found a basalt altar of Yredelemnul.
  5135 | D:6      | Reached ** piety under Lugonu
  5672 | D:7      | Found a flagged portal.
  5681 | Bailey   | Entered a bailey
  6031 | Bailey   | Reached XP level 9. HP: 48/88 MP: 11/11
  6075 | Bailey   | Reached *** piety under Lugonu
  6362 | D:7      | Found a staircase to the Lair.
  6363 | D:7      | Noticed a komodo dragon
  6381 | D:7      | Killed a komodo dragon
  6382 | D:7      | Reached skill level 6 in Maces & Flails
  6453 | D:7      | Found a stormy altar of Qazlal.
  6745 | D:7      | Reached skill level 7 in Maces & Flails
  6786 | D:7      | Found an ancient bone altar of Kikubaaqudgha.
  7027 | D:8      | Noticed Maurice
  7073 | Lair:1   | Entered Level 1 of the Lair of Beasts
  7074 | Lair:1   | Noticed a cane toad
  7100 | Lair:1   | Killed a cane toad
  7101 | Lair:1   | Reached skill level 8 in Maces & Flails
  7152 | Lair:1   | Found a dark tunnel.
  7157 | Volcano  | Entered a volcano
  8456 | Volcano  | Noticed a lindwurm
  8468 | Volcano  | Noticed a smoke demon
  8488 | Volcano  | HP: 4/88 [smoke demon/divine providence (11)]
  8494 | Volcano  | Reached skill level 9 in Maces & Flails
  8496 | Volcano  | Killed from afar by a smoke demon

Skill      XL: |  1  2  3  4  5  6  7  8  9 |
---------------+----------------------------+-----
Stealth        | 2 |  2.0
Fighting       | 1 2 3 4 5 |  5.0
Maces & Flails | 3 4 5 9 |  9.0
Dodging        | 3 |  3.0
Throwing       | 3 4 |  4.0
Invocations    | 4 |  4.0
Evocations     | 3 4 |  4.0

Action                   |  1- 3 |  4- 6 |  7- 9 || total
-------------------------+-------+-------+-------++-------
Melee: Whip              |   159 |   166 |       ||   325
       Unarmed           |       |     9 |       ||     9
       Dagger            |       |    47 |   473 ||   520
 Fire: Blowgun           |       |     1 |       ||     1
Throw: Tomahawk          |       |       |    47 ||    47
Invok: Bend Space        |       |       |     1 ||     1
 Abil: Evoke Berserk Rag |       |       |     2 ||     2
Evoke: Wand              |       |       |     3 ||     3
  Use: Scroll            |     5 |     4 |     6 ||    15
       Potion            |     1 |     2 |     5 ||     8
 Stab: Sleeping          |     3 |     2 |     1 ||     6
       Invisible         |       |     3 |     1 ||     4
  Eat: Chunk             |    20 |    16 |    37 ||    73
Armor: Skin              |    84 |    92 |   239 ||   415
Dodge: Dodged            |    78 |   121 |   280 ||   479
